 Dungeon Crawl Stone Soup version 0.27-a0-1278-g6cbc8dfb29 (webtiles) character file.

Game seed: 12530596656278818875

102 deletemesenpai the Chopper (level 4, -1/40 HPs)
             Began as a Hill Orc Fighter on June 12, 2021.
             Killed from afar by Sigmund (8 damage)
             ... with a puff of flame
             ... on level 2 of the Dungeon.
             The game lasted 00:04:56 (2080 turns).

deletemesenpai the Chopper (Hill Orc Fighter)       Turns: 2080, Time: 00:04:56

Health: -1/40      AC: 11    Str: 19    XL:     4   Next: 78%
Magic:  4/4        EV:  5    Int:  8    God:
Gold:   91         SH:  9    Dex: 10    Spells: 3/3 levels left

rFire    . . .     SeeInvis .   a - +0 war axe
rCold    . . .     Faith    .   c - +0 kite shield
rNeg     . . .     Spirit   .   o - +0 chain mail
rPois    .         Reflect  .   m - +1 helmet
rElec    .         Harm     .   (no cloak)
rCorr    .         Rampage  .   (no gloves)
Will     .....                  (no boots)
Stlth    ..........             (no amulet)
HPRegen  0.13/turn              (no ring)
MPRegen  0.09/turn              (no ring)

@: mighty
A: no striking features
a: no special abilities


You were on level 2 of the Dungeon.
You visited 1 branch of the dungeon, and saw 2 of its levels.

You collected 91 gold pieces.

Inventory:

Hand Weapons
 a - a +0 war axe (weapon)
Missiles
 f - 12 poisoned darts (quivered)
Armour
 c - a +0 kite shield (worn)
 m - a +1 helmet (worn)
 o - a +0 chain mail (worn)
Wands
 n - a wand of polymorph (3)
Scrolls
 e - 3 scrolls of identify
 l - a scroll of amnesia
Potions
 b - a potion of haste {unknown}
 d - a potion of might
 g - a potion of magic {unknown}
 h - 2 potions of attraction
 i - a potion of heal wounds {unknown}
 k - a potion of curing {unknown}


   Skills:
 + Level 4.2 Fighting
 + Level 4.4 Axes
 + Level 4.0 Armour
 + Level 4.0 Shields


You had 3 spell levels left.
You didn't know any spells.
Your spell library was empty.

Dungeon Overview and Level Annotations

Branches:
Dungeon (2/15)

Altars:

Annotations:
D:2 Sigmund


Message History

You feel sick.
You are no longer poisoned.
You start resting.
HP restored.
There is an open door here.
There is an open door here.
You open the door.
There is an open door here.
You open the door.
There is an open door here.
You now have 91 gold pieces (gained 7).
There is an open door here.
There is an open door here.
Found an escape hatch in the floor.
There is an escape hatch in the floor here.
Sigmund the Dreaded comes into view.
He is wielding a +0 scythe.
Sigmund shouts!
Sigmund screams, "Only death can liberate you!"
Sigmund hits you from afar with a +0 scythe.
Sigmund is nearby!
Sigmund points at you and mumbles some strange words.
The puff of flame hits you.
You hit Sigmund but do no damage.
Sigmund gestures wildly while chanting.
Sigmund flickers and vanishes!
Deactivating autopickup; reactivate with Ctrl-A.
You block something's attack. Something hits you.
You feel very mighty all of a sudden. Something hits you. Something hits you!
You miss something. You block something's attack.
You slash something!
Something hits you but does no damage. x2
You closely miss something. Something hits you!
* * * LOW HITPOINT WARNING * * *
You miss something.
You hear some strange, mumbled words.
A puff of flame appears from out of thin air!
The puff of flame hits you!
You die...

##....... #........
+........ ###
#[....... #..
##....... #.#
##.....# #.# ##...##
#{# #####'##
###@#### #.....#
#>.....# #.###.#
#.#.##.#####.###.##
#.#...........#...##
#.####.#####.......#
#......# #.##...##
######## #.##..###
#.##..... #.....###


There were no monsters in sight!

Vanquished Creatures
  Jessica (D:2)
  Robin (D:1)
  An adder (D:2)
  2 dart slugs
  3 ball pythons
  3 bats (D:1)
  5 endoplasms (D:1)
  A giant cockroach (D:1)
  3 hobgoblins (D:1)
  2 quokkas
  12 frilled lizards
  9 goblins
  5 kobolds
  6 rats
54 creatures vanquished.

Notes
Turn   | Place    | Note
-------+----------+-------------------------------------------
     0 | D:1      | deletemesenpai the Hill Orc Fighter began the quest for the
                  | Orb.
     0 | D:1      | Reached XP level 1. HP: 19/19 MP: 1/1
   129 | D:1      | Reached XP level 2. HP: 27/27 MP: 2/2
   207 | D:1      | Found a faded altar of an unknown god.
   530 | D:1      | Reached XP level 3. HP: 31/33 MP: 3/3
   941 | D:2      | Noticed Robin
  1162 | D:1      | Killed Robin
  1495 | D:2      | Noticed Jessica
  1500 | D:2      | Killed Jessica
  1501 | D:2      | Reached XP level 4. HP: 37/40 MP: 4/4
  2070 | D:2      | Noticed Sigmund
  2080 | D:2      | Killed from afar by Sigmund

Illustrated notes

Levels and vault maps discovered:
D:1:      lightli_arrival_noodles, layout_loops_ring, basic_ecumenical_altar,
          minmay_lizard_pond
D:2:      layout_loops_corners, chequers_mini_garden, uniq_robin, uniq_sigmund,
          uniq_jessica

Skill      XL: |  1  2  3  4 |
---------------+-------------+-----
Axes           | 3 4 |  4.4
Fighting       | 4 |  4.2
Armour         | 4 |  4.0
Shields        | 4 |  4.0

Action                   |  1- 3 |  4- 6 || total
-------------------------+-------+-------++-------
Melee: War axe           |   126 |    21 ||   147
       Unarmed           |     3 |     2 ||     5
  Use: Scroll            |       |     2 ||     2
       Potion            |       |     1 ||     1
Armor: Scale mail        |    76 |     4 ||    80
       Chain mail        |       |    10 ||    10
       Skin              |       |     1 ||     1
Dodge: Dodged            |    61 |     2 ||    63
Block: Kite shield       |    96 |    10 ||   106

Table legend: (Time is in decaauts)
 A = Elapsed time spent in this place.
 B = Non-inter-level travel time spent in this place.
 C = Inter-level travel time spent in this place.
 D = Time resting spent in this place.
 E = Time spent auto-exploring this place.
 F = Levels seen in this place.
 G = Mean time per level.
                   A        B        C        D        E       F      G
               +--------+--------+--------+--------+--------+-----+--------+
         Total |   2164 |   2118 |     46 |    401 |   1044 |   2 | 1082.0 |
       Dungeon |   2164 |   2118 |     46 |    401 |   1044 |   2 | 1082.0 |
               +--------+--------+--------+--------+--------+-----+--------+

Top non-repeatable levels by time:
     D:1: 1365 daAuts
     D:2: 798 daAuts
